 Dungeon Crawl Stone Soup version 0.27.1-34-g3ba077fa99 (webtiles) character file.

Game seed: 8785420613169052016

782500 szrap the Conqueror (level 27, 0/300 HPs)
             Began as a Hill Orc Fighter on Jan 25, 2022.
             Was the Champion of Makhleb.
             Slain by an Executioner (14 damage)
             ... summoned by Gloorx Vloq
             ... in Pandemonium on Jan 27, 2022.
             The game lasted 03:45:40 (75082 turns).

szrap the Conqueror (Hill Orc Fighter)             Turns: 75082, Time: 03:45:41

Health: 0/300      AC: 48    Str: 32    XL:     27
Magic:  48/48      EV: 16    Int: 11    God:    Makhleb [******]
Gold:   2972       SH: 34    Dex: 16    Spells: 6/26 levels left

rFire    + + .     SeeInvis .   f - +9 broad axe (elec)
rCold    + . .     Faith    .   t - +6 tower shield
rNeg     + + +     Spirit   .   e - +8 orange crystal plate armour {Archmagi, Int+3 Clar}
rPois    +         Reflect  .   R - -2 hat of the Alchemist {rElec rPois rF+ rC+ rN+ Will+ rMut rCorr}
rElec    +         Harm     .   H - +2 cloak of Absence {rF+ rCorr Str-2}
rCorr    +         Rampage  .   Z - +2 pair of gloves {Stlth+}
rMut     +         Archmagi +   F - +1 pair of boots
Will     +++++     Clarity  +   p - amulet of regeneration
Stlth    ..........             j - ring "Laive" {rPois rN++ MP+9 Slay+4}
HPRegen  1.60/turn              U - ring "Xahonuwiry" {rElec Will+ Dex+6}
MPRegen  0.31/turn

@: mighty, lethally poisoned (0 -> -24), slowed, studying 4 skills, very slow
A: strong-willed 1, robust 1, strong 1
}: 5/15 runes: decaying, slimy, silver, abyssal, gossamer
a: Renounce Religion, Minor Destruction, Lesser Servant of Makhleb, Major
Destruction, Greater Servant of Makhleb


You were in Pandemonium.
You worshipped Makhleb.
Makhleb was exalted by your worship.
You visited 12 branches of the dungeon, and saw 55 of its levels.
You visited Pandemonium 1 time, and saw 2 of its levels.
You visited the Abyss 2 times.
You visited 1 bazaar.
You also visited: Ossuary, Gauntlet, Ice Cave, Volcano and Wizlab.

You collected 9393 gold pieces.
You spent 6421 gold pieces at shops.

Inventory:

Hand Weapons
 a - a +9 war axe of flaming
 f - a +9 broad axe of electrocution (weapon)
Missiles
 g - 13 javelins
 l - 6 silver boomerangs
 x - 18 silver javelins (quivered)
 D - 7 throwing nets
 E - 69 boomerangs
 M - 7 boomerangs of dispersal
Armour
 e - the +8 orange crystal plate armour (worn) {Archmagi, Int+3 Clar}
   (You acquired it on level 5 of the Pits of Slime)

   Int:       It affects your intelligence (+3).
   Clar:      It protects you against confusion.
 q - the +0 cloak "Poukh" {rElec rN+ Will+ Str+2}
   (You found it in a wizard's laboratory)

   Str:       It affects your strength (+2).
   rElec:     It insulates you from electricity.
   rN:        It protects you from negative energy.
   Will:      It increases your willpower.
 t - a +6 tower shield (worn)
 F - a +1 pair of boots (worn)
 H - the +2 cloak of Absence (worn) {rF+ rCorr Str-2}
   (You found it in a wizard's laboratory)

   Str:       It affects your strength (-2).
   rF:        It protects you from fire.
   rCorr:     It protects you from acid and corrosion.
 L - the +0 mask of the Dragon {Will+ Slay+3 SInv}
   (You found it on level 5 of the Vaults)

   Slay:      It affects your accuracy & damage with ranged weapons and melee
   (+3).
   SInv:      It lets you see invisible.
   Will:      It increases your willpower.
 N - the +0 cloak "Ezali" {Regen+}
   (You found it in a wizard's laboratory)

   Regen:     It increases your rate of health regeneration.
 R - the -2 hat of the Alchemist (worn) {rElec rPois rF+ rC+ rN+ Will+ rMut rCorr}
   (You found it on level 3 of the Crypt)

   rF:        It protects you from fire.
   rC:        It protects you from cold.
   rElec:     It insulates you from electricity.
   rPois:     It protects you from poison.
   rN:        It protects you from negative energy.
   rCorr:     It protects you from acid and corrosion.
   rMut:      It protects you from mutation.
   Will:      It increases your willpower.
 Y - a +2 cloak of cold resistance
 Z - a +2 pair of gloves of stealth (worn)
Jewellery
 c - a ring of flight
 j - the ring "Laive" (left hand) {rPois rN++ MP+9 Slay+4}
   (You bought it in a shop on level 1 of the Orcish Mines)

   [ring of slaying]

   Slay:      It affects your accuracy & damage with ranged weapons and melee
   (+4).
   rPois:     It protects you from poison.
   rN:        It greatly protects you from negative energy.
   MP:        It affects your magic capacity (+9).
 o - the ring "Wiahevask" {Fire rCorr Dex+3}
   (You bought it in a shop on level 1 of the Depths)

   [ring of fire]

   It enhances your fire magic.
   Dex:       It affects your dexterity (+3).
   rF:        It protects you from fire.
   rC:        It makes you vulnerable to cold.
   rCorr:     It protects you from acid and corrosion.
 p - an amulet of regeneration (around neck)
 U - the ring "Xahonuwiry" (right hand) {rElec Will+ Dex+6}
   (You bought it in a shop on level 1 of the Orcish Mines)

   [ring of dexterity]

   Dex:       It affects your dexterity (+6).
   rElec:     It insulates you from electricity.
   Will:      It increases your willpower.
 W - the ring of Zokhlise {rPois rF+ Will+ Str+3}
   (You bought it in a shop on level 1 of the Depths)

   [ring of willpower]

   Str:       It affects your strength (+3).
   rF:        It protects you from fire.
   rPois:     It protects you from poison.
   Will:      It increases your willpower.
Wands
 m - a wand of acid (33)
 r - a wand of flame (107)
 C - a wand of mindburst (69)
 G - a wand of iceblast (80)
 O - a wand of digging (22)
Scrolls
 k - 14 scrolls of fear
 s - 6 scrolls of fog
 v - a scroll of magic mapping
 y - 5 scrolls of blinking
 B - 5 scrolls of silence
 I - 4 scrolls of summoning
 J - 2 scrolls of holy word
 K - 19 scrolls of teleportation
Potions
 b - 13 potions of lignification
 d - 4 potions of cancellation
 h - 8 potions of invisibility
 i - 12 potions of flight
 n - 3 potions of haste
 u - 5 potions of resistance
 w - 15 potions of ambrosia
 z - 12 potions of heal wounds
 A - 9 potions of berserk rage
 Q - 25 potions of curing
 S - 7 potions of mutation
 T - 2 potions of might
 V - 5 potions of attraction


   Skills:
 O Level 27 Fighting
 - Level 18.0 Axes
 * Level 13.4 Throwing
 O Level 27 Armour
 * Level 18.4 Dodging
 O Level 27 Shields
 * Level 7.2 Translocations
 - Level 24.0 Invocations
 * Level 6.0 Evocations


You had 6 spell levels left.
You knew the following spells:

 Your Spells              Type           Power      Damage    Failure   Level
a - Blink                 Tloc           N/A        N/A       13%         2
b - Apportation           Tloc           46%        N/A       9%          1
c - Passage of Golubria   Tloc           N/A        N/A       65%         4
d - Portal Projectile     Hex/Tloc       22%        N/A       75%         3
e - Passwall              Tmut/Erth      0%         N/A       94%         2
f - Necromutation         Tmut/Necr      0%         N/A       100%        8

Your spell library contained the following spells:

 Spells                   Type           Power      Damage    Failure   Level
 Gell's Gravitas          Tloc           11%        N/A       26%         3
 Lesser Beckoning         Tloc           11%        N/A       26%         3
 Teleport Other           Tloc           23%        N/A       26%         3
 Animate Skeleton         Necr           0%         N/A       86%         1
 Beastly Appendage        Tmut           0%         N/A       86%         1
 Corona                   Hex            0%         N/A       86%         1
 Magic Dart               Conj           0%         1d3       86%         1
 Pain                     Necr           0%         1d4       86%         1
 Sandblast                Erth           0%         2d4       86%         1
 Sting                    Tmut/Pois      0%         1d3       86%         1
 Summon Small Mammal      Summ           0%         N/A       86%         1
 Call Imp                 Summ           0%         N/A       94%         2
 Corpse Rot               Necr/Air       N/A        N/A       94%         2
 Ensorcelled Hibernation  Hex/Ice        0%         N/A       94%         2
 Poisonous Vapours        Pois/Air       0%         N/A       94%         2
 Slow                     Hex            0%         N/A       94%         2
 Static Discharge         Conj/Air       0%         N/A       94%         2
 Wereblood                Tmut           0%         N/A       94%         2
 Manifold Assault         Tloc           23%        N/A       94%         5
 Iskenderun's Mystic Bla  Conj/Tloc      11%        2d4       98%         4
 Call Canine Familiar     Summ           0%         N/A       99%         3
 Confusing Touch          Hex            0%         N/A       99%         3
 Dazzling Flash           Conj/Hex       0%         N/A       99%         3
 Frozen Ramparts          Ice            0%         1d2       99%         3
 Ignite Poison            Fire/Tmut/Pois 0%         N/A       99%         3
 Mephitic Cloud           Conj/Pois/Air  0%         N/A       99%         3
 Spider Form              Tmut/Pois      0%         N/A       99%         3
 Stone Arrow              Conj/Erth      0%         3d7       99%         3
 Summon Guardian Golem    Hex/Summ       0%         N/A       99%         3
 Tukima's Dance           Hex            0%         N/A       99%         3
 Vampiric Draining        Necr           0%         2d6       99%         3
 Airstrike                Air            0%         N/A       100%        4
 Animate Armour           Summ/Erth      0%         N/A       100%        4
 Cause Fear               Hex            0%         N/A       100%        4
 Dispel Undead            Necr           0%         3d6       100%        4
 Fulminant Prism          Conj/Hex       0%         3d6       100%        4
 Hailstorm                Conj/Ice       0%         3d3       100%        4
 Ice Form                 Ice/Tmut       0%         N/A       100%        4
 Leda's Liquefaction      Hex/Erth       0%         N/A       100%        4
 Olgreb's Toxic Radiance  Pois           0%         N/A       100%        4
 Petrify                  Tmut/Erth      0%         N/A       100%        4
 Sticky Flame             Conj/Fire      0%         2d3       100%        4
 Summon Ice Beast         Ice/Summ       0%         N/A       100%        4
 Summon Lightning Spire   Summ/Air       0%         N/A       100%        4
 Alistair's Intoxication  Tmut/Pois      0%         N/A       100%        5
 Blade Hands              Tmut           0%         N/A       100%        5
 Bolt of Magma            Conj/Fire/Erth 0%         4d4       100%        5
 Fireball                 Conj/Fire      0%         3d3       100%        5
 Freezing Cloud           Conj/Ice/Air   0%         6-21      100%        5
 Irradiate                Conj/Tmut      0%         3d14      100%        5
 Iskenderun's Battlesphe  Conj           0%         2d6       100%        5
 Lee's Rapid Deconstruct  Erth           0%         3d5*      100%        5
 Lightning Bolt           Conj/Air       0%         1d11      100%        5
 Metabolic Englaciation   Hex/Ice        0%         N/A       100%        5
 Silence                  Hex/Air        0%         N/A       100%        5
 Yara's Violent Unravell  Hex/Tmut       0%         3d3       100%        5
 Conjure Ball Lightning   Conj/Air       0%         3x3d6     100%        6
 Death Channel            Necr           0%         N/A       100%        6
 Dispersal                Tloc           11%        N/A       100%        6
 Invisibility             Hex            0%         N/A       100%        6
 Iron Shot                Conj/Erth      0%         9d1       100%        6
 Shadow Creatures         Summ           N/A        N/A       100%        6
 Simulacrum               Ice/Necr       0%         N/A       100%        6
 Starburst                Conj/Fire      0%         6d3       100%        6
 Statue Form              Tmut/Erth      0%         N/A       100%        6
 Dragon Form              Tmut           0%         N/A       100%        7
 Haunt                    Necr/Summ      0%         N/A       100%        7
 Malign Gateway           Summ/Tloc      5%         N/A       100%        7
 Orb of Destruction       Conj           0%         N/A       100%        7
 Ozocubu's Refrigeration  Ice            0%         4d5       100%        7
 Disjunction              Tloc           11%        N/A       100%        8
 Ignition                 Fire           0%         3d3       100%        8
 Lehudib's Crystal Spear  Conj/Erth      0%         10d2      100%        8
 Summon Horrible Things   Summ           0%         N/A       100%        8
 Death's Door             Necr           0%         N/A       100%        9
 Dragon's Call            Summ           0%         N/A       100%        9
 Shatter                  Erth           0%         3d5*      100%        9


Dungeon Overview and Level Annotations

Branches:
Dungeon (15/15)            Temple (0/1) D:7            Lair (6/6) D:10
  Swamp (4/4) Lair:3       Spider (4/4) Lair:2        Slime (5/5) Lair:6
    Orc (2/2) D:11            Elf (3/3) Orc:2        Vaults (5/5) D:13
  Crypt (3/3) Vaults:2       Tomb (0/3) Crypt:3      Depths (5/5) D:15
   Hell (visited)             Dis (0/7) Hell            Geh (0/7) Hell
    Coc (0/7) Hell            Tar (0/7) Hell            Zot (2/5) Depths:5
Ossuary (visited)           IceCv (visited)         Volcano (visited)
 WizLab (visited)         Gauntlet (visited)

Altars:
Dithmenos
Elyvilon
Kikubaaqudgha
Makhleb
Okawaru
Qazlal
Vehumet
Xom
Jiyva

Shops:
D:3 *   D:4 *   D:5 *:   D:9 (   Orc:1 =   Orc:2 =***(   Elf:1 ?   Vaults:2 :(
Depths:1 =   Depths:4 *![(*

Portals:
Hell: Depths:1 Depths:2 Depths:3 Depths:4 Depths:5
Abyss: Depths:3 Depths:4
Pandemonium: Depths:2 Depths:3 Depths:5
Ziggurat: Depths:1
Trove: Depths:3 (give +8 demon blade)

Annotations:
Lair:6 exclusion: obsidian statue
Elf:3 1 runed translucent door, Lobster4's ghost, adept TrMo
Depths:1 1 runed translucent door
Pan Gloorx Vloq


Innate Abilities, Weirdness & Mutations

You are strong-willed. (Will+)
You are robust. (+10% HP)
Your muscles are strong. (Str +2)


Message History

You slash Gloorx Vloq!
Gloorx Vloq is lightly wounded.
You closely miss the Executioner.
You are engulfed in dark miasma.
You are poisoned.
You feel very sick. Gloorx Vloq gestures at you. The poison arrow hits you!!
You are more poisoned.
You partially resist.
* * * LOW HITPOINT WARNING * * *
You block the Executioner's attack. x2; The Executioner barely misses you.
You block the Executioner's attack. The Executioner closely misses you.
The Executioner hits you but does no damage.
You block Gloorx Vloq's attack.
The Executioner hits you but does no damage. x2
The Executioner closely misses you. You block the Executioner's attack. x2
The Executioner hits you but does no damage.
A demon appears!
You are engulfed in dark miasma.
You are more poisoned.
* * * LOW HITPOINT WARNING * * *
You feel extremely sick.
Gloorx Vloq calls on the powers of darkness!
Your body is wracked with pain!
* * * LOW HITPOINT WARNING * * *
You block the Executioner's attack. x3; The Executioner barely misses you.
The Executioner hits you but does no damage.
You block the Executioner's attack.
Gloorx Vloq hits you but does no damage.
The Executioner hits you!
* * * LOW HITPOINT WARNING * * *
The Executioner closely misses you. The Executioner barely misses you.
The Executioner hits you!
* * * LOW HITPOINT WARNING * * *
The Executioner hits you but does no damage.
The Executioner barely misses you.
The Executioner gestures.
The Executioner seems to speed up.
Gloorx Vloq hits you but does no damage.
The Executioner hits you but does no damage. x2
You block the Executioner's attack. The Executioner hits you!
You die...

..####'''#############'''####...#
#.#...../...## ##.........#.#.#
..#.........#.###.#.........#...#
..#.........#.....#.........#...#
..##.......##.....##.......##...#
#.#.#.....##.......##.....#.#[#.#
..#..#...###.......###...#..#...#
..#.#.#.#.##...1&1.##.#.#.#.#...#
..##...#..##...#@1°##..#...##...#
#.#.#.#.#.#.#.#°#°#.#.#.#/#.#.#.#
..#..#...##..#2..#°.##...#..#...#
..#.#.#.#.#$#.#.#.#.#.#.#.#.#..†#
..##...#..##...#...##..#...##...#
#.#.#.#.#.#.#.#.#.#.#.# #.#.#.#.#
..#..#...#...#...#...# #..#...#
..#.#.#.#.#.#.#.#.#.#.# #.#...#
..##...#...#...#...#... ##...#


You could see Gloorx Vloq (ally target), 3 Executioners and a friendly cacodemon
(summoned).

Vanquished Creatures
  the Royal Jelly (Slime:5)
  A dread lich (Vaults:5)
  3 ancient liches
  An orb of fire (Zot:2)
  Mara (Swamp:3)
  4 juggernauts
  A pandemonium lord (Pan)
  Boris (Depths:4)
  The ghost of Ulecsuczon the Impregnable, a veteran MiGl of Hepliaklqana (Crypt:3)
  A royal mummy (Crypt:3)
  Saint Roka (Elf:3)
  Bai Suzhen (Vaults:5)
  Frederick (Depths:4)
  6 caustic shrikes (Depths:2)
  Geryon (Hell)
  6 bone dragons
  5 golden dragons
  Jory (Vaults:2)
  6 Tzitzimimeh (Pan)
  An electric golem (Zot:1)
  An Ice Fiend (IceCv)
  8 tentacled monstrosities
  Rupert (Spider:1)
  Jorgrun (Elf:1)
  3 quicksilver dragons
  7 liches
  6 titans
  2 deep elf blademasters (Elf:3)
  11 acid blobs
  4 deep elf master archers
  2 eldritch tentacles
  2 death cobs (Zot:1)
  7 sphinxes
  7 ancient champions
  11 tentacled starspawn
  17 Executioners
  Agnes (Spider:3)
  5 revenants
  8 shadow dragons
  The ghost of boopmooplesden the Peltast, an adept MiFi of Okawaru (Elf:1)
  8 storm dragons
  Kirke (D:15)
  5 rockslimes (Slime:5)
  14 fire giants
  2 draconian monks (Zot:2)
  6 azure jellies
  8 tengu reavers
  Aizul (Swamp:4)
  A draconian scorcher (Zot:1)
  A draconian knight (Zot:1)
  14 deep elf sorcerers
  15 vault wardens
  2 orc warlords
  3 balrugs
  4 ghost moths
  3 cacodemons
  Louise (Spider:1)
  11 frost giants
  4 iron dragons
  2 curse skulls
  8 deep elf elementalists
  3 spectral caustic shrikes (Depths:3)
  3 black suns (Pan)
  5 draconian shifters
  7 emperor scorpions (Spider:4)
  6 quicksilver oozes
  2 angels
  11 ghouls
  A draconian annihilator (Zot:2)
  4 spriggan defenders
  2 draconian stormcallers (Depths:5)
  A blood saint (Pan)
  6 war gargoyles
  7 reapers
  17 ironbound preservers
  22 stone giants
  34 very ugly things
  14 vampire knights
  12 dire elephants
  Azrael (Elf:1)
  7 deep elf demonologists
  8 yellow draconians
  A minotaur (Gauntlet)
  4 purple draconians
  6 deep elf annihilators
  7 lorocyprocas
  4 black draconians
  7 green draconians
  3 bunyips
  5 white draconians
  7 entropy weavers
  6 blizzard demons
  8 deep elf death magi
  11 red draconians
  16 spark wasps
  2 eleionomae
  19 ettins
  A crystal guardian (Vaults:2)
  2 mummy priests (Crypt:3)
  7 eidola
  5 jiangshi
  6 shambling mangroves
  A merfolk javelineer (Depths:1)
  A merfolk impaler (Abyss:3)
  2 green deaths (Pan)
  13 fire dragons
  37 vault guards
  7 deep elf high priests
  Josephine (D:15)
  21 yaktaur captains
  2 peacekeepers
  20 great orbs of eyes
  2 monstrous demonspawn (Pan)
  A caustic shrike simulacrum (IceCv)
  Erolcha (D:9)
  5 ogre magi
  9 ironbound frosthearts
  8 rakshasas
  A catoblepas (Lair:4)
  18 hydras
  15 ice dragons
  11 centaur warriors
  5 boulder beetles
  3 hell beasts (Hell)
  2 ghost crabs
  5 spriggan air magi
  8 two-headed ogres
  13 ironbound thunderhulks
  27 dancing weapons
  12 alligators
  4 death yaks (Lair:6)
  5 death knights
  6 orc high priests
  7 vampire magi
  6 hell hogs
  13 thrashing horrors
  23 deep troll earth magi
  2 spectral dire elephants (Lair:6)
  9 ironbound beastmasters
  2 spriggan berserkers
  5 tengu warriors
  42 hell knights
  15 deep troll shamans
  22 sun demons
  23 soul eaters
  13 deep elf knights
  2 titan skeletons
  5 sixfirhies
  3 goliath frogs
  13 shadow wraiths
  33 skeletal warriors
  4 spatial maelstroms
  A spectral anaconda (Lair:6)
  15 iron trolls
  3 torturous demonspawn (Pan)
  7 wretched stars
  3 death drakes
  A spectral death yak (Lair:6)
  An anaconda zombie (Hell)
  17 bog bodies
  54 deep trolls
  9 flayed ghosts
  3 obsidian statues
  A gelid demonspawn (Pan)
  12 swamp dragons
  20 wizards
  A storm dragon skeleton (Pan)
  26 starcursed masses
  A shadow demon (Pan)
  4 infernal demonspawn (Pan)
  A spriggan druid (Swamp:3)
  A ghost moth zombie (Crypt:3)
  10 glowing orange brains
  16 deep elf archers
  14 ironbound convokers
  17 deep elf pyromancers
  2 anaconda skeletons
  4 harpies (Vaults:1)
  16 phantasmal warriors
  8 lindwurms
  20 necromancers
  21 orb spiders
  41 deep elf zephyrmancers
  A shadow dragon skeleton (Crypt:1)
  5 orc knights
  2 fire giant zombies
  A faun (shapeshifter) (Vaults:5)
  37 wolf spiders
  A spriggan zombie (Depths:1)
  A frost giant zombie (Depths:1)
  13 moths of wrath
  5 worldbinders
  5 manticores
  4 shining eyes
  3 cyclopes
  2 human zombies (Vaults:3)
  3 elf zombies
  An elephant (shapeshifter) (Depths:4)
  2 orc sorcerers
  A dire elephant zombie (Lair:6)
  2 guardian serpents
  53 ugly things
  4 elephants (Lair:6)
  A shining eye (shapeshifter) (Vaults:5)
  A stone giant skeleton (Pan)
  10 will-o-the-wisps
  Joseph (D:9)
  8 rust devils (Hell)
  A molten gargoyle (Hell)
  6 black mambas
  8 orange demons
  4 ice statues
  A storm dragon simulacrum (Crypt:1)
  A torpor snail (Lair:6)
  22 smoke demons
  3 frost giant skeletons
  2 gargoyles
  15 vault sentinels
  Maggie (D:6)
  9 cane toads
  3 hellions
  2 dire elephant skeletons
  A purple draconian zombie (Crypt:3)
  14 freezing wraiths
  2 yaktaur zombies (Vaults:3)
  2 unseen horrors
  An emperor scorpion zombie (Hell)
  40 yaktaurs
  20 demonic crawlers
  2 golden dragon simulacra (IceCv)
  2 sea snake zombies
  An efreet (D:13)
  6 komodo dragons
  Psyche (D:9)
  8 entropy weaver simulacra (IceCv)
  7 ancient zymes
  A kobold demonologist (D:6)
  A green draconian skeleton (Crypt:1)
  3 rime drakes
  2 tormentors (Pan)
  28 guardian mummies (Crypt:3)
  A white draconian skeleton (Crypt:3)
  8 ice devils (IceCv)
  15 trolls
  3 red devils
  2 hellwings
  9 tengu conjurers
  A polar bear (Lair:5)
  5 human skeletons
  2 bloated husks
  A meliai (D:10)
  A queen bee (Lair:3)
  A shadow dragon simulacrum (Crypt:1)
  16 raiju
  34 jumping spiders
  22 hornets
  4 tyrant leeches
  A slime creature (shapeshifter) (Depths:5)
  3 hydra zombies (Hell)
  A death drake skeleton (Crypt:3)
  2 hydra skeletons (Hell)
  92 slime creatures
  A snapping turtle (shapeshifter) (Elf:1)
  2 alligator zombies
  16 blink frogs
  5 dream sheep (Lair:4)
  2 ettin zombies
  A fire giant simulacrum (Depths:1)
  5 air elementals
  A meliai zombie (D:10)
  A deep troll skeleton (Vaults:1)
  5 flying skulls (Abyss:3)
  16 water elementals
  6 wyverns
  76 redbacks
  20 wraiths
  6 ynoxinuls
  2 shadows
  2 ettin skeletons (Pan)
  31 tarantellas
  A fire dragon skeleton (Crypt:1)
  15 spriggans
  14 ushabtiu (Crypt:3)
  2 spriggan simulacra (IceCv)
  45 yaks
  3 basilisks
  9 fire elementals
  5 hogs (D:15)
  8 chaos spawn
  7 minotaur simulacra (IceCv)
  10 steam dragons
  6 vampire mosquitoes
  2 death yak simulacra (Lair:6)
  4 neqoxecs
  11 golden eyes
  2 human simulacra
  5 harpy simulacra
  2 swamp worms (shapeshifter)
  4 spatial vortices
  47 large abominations
  14 swamp worms
  3 wargs
  2 acid dragons
  A hydra simulacrum (IceCv)
  13 water moccasins
  A floating eye (shapeshifter) (Vaults:5)
  2 floating eyes
  8 hell hounds
  6 black bears
  2 ettin simulacra (IceCv)
  24 orc warriors
  11 swamp drakes
  3 sky beasts
  A sky beast (shapeshifter) (Depths:2)
  An ice beast (D:8)
  2 alligator simulacra (IceCv)
  A black bear (shapeshifter) (Elf:1)
  A dream sheep zombie (Crypt:1)
  6 necrophages
  6 elephant zombies
  25 wolves
  12 centaurs
  5 boggarts (Vaults:1)
  4 elephant skeletons (Lair:6)
  5 ogres
  2 phantoms
  2 kobold brigands
  2 gnoll sergeants
  10 bullfrogs
  4 scorpions
  5 water moccasin zombies
  A cyclops zombie (Crypt:2)
  A cane toad simulacrum (Hell)
  A palentonga skeleton (Crypt:3)
  22 small abominations
  6 deep troll simulacra (IceCv)
  A wyvern skeleton (Crypt:3)
  An elephant simulacrum (Lair:6)
  24 killer bees (Lair:3)
  3 lindwurm simulacra (IceCv)
  5 electric eels
  14 wights
  11 howler monkeys
  2 bullfrog zombies
  6 centaur zombies
  4 hounds
  2 quasits
  4 jellies
  2 gnoll shamans
  44 orc priests
  2 bullfrog skeletons
  3 iron imps
  5 iguanas
  26 orc wizards
  3 centaur skeletons
  6 lightning spires (Abyss:3)
  4 hell rats (Hell)
  A killer bee zombie (D:7)
  A tengu zombie (Crypt:3)
  A dwarf zombie (Crypt:2)
  A dwarf skeleton (Crypt:2)
  A tengu skeleton (Crypt:3)
  9 mummies
  A howler monkey skeleton (D:4)
  A gnoll (shapeshifter) (Vaults:5)
  8 adders
  An adder (shapeshifter) (Vaults:4)
  9 gnolls
  2 shadow imps
  A swamp drake skeleton (Crypt:2)
  4 white imps
  8 ufetubi
  3 adder zombies (Ossuary)
  3 adder skeletons (D:4)
  A worm (D:3)
  A dart slug (D:2)
  87 orcs
  7 endoplasms
  3 giant cockroaches
  6 goblins
  3 hobgoblins
  4 jackals (D:5)
  3 quokkas
  3 training dummies (Elf:2)
  5 ball pythons
  A ball python zombie (Crypt:2)
  5 bats
  3 frilled lizards (D:1)
  A frilled lizard skeleton (Crypt:2)
  A gnoll skeleton (Crypt:1)
  5 gnoll zombies (Ossuary)
  3 hobgoblin zombies (Ossuary)
  A jackal skeleton (D:4)
  5 kobolds
  A kobold skeleton (Pan)
  5 kobold zombies (Ossuary)
  6 orc zombies (Ossuary)
  2 rats (D:2)
  A lurking horror (Abyss:1)
  9 starspawn tentacles
3046 creatures vanquished.

Vanquished Creatures (collateral kills)
  2 storm dragons (Depths:4)
  A shadow dragon (Depths:4)
  An ice dragon (Depths:4)
4 creatures vanquished.

Vanquished Creatures (others)
  A ghost moth (Spider:4)
  An ettin (Vaults:5)
  An ice dragon (Hell)
  A sun demon (Hell)
  A goliath frog (Swamp:2)
  A deep elf zephyrmancer (Elf:1)
  A bloated husk (Swamp:4)
  2 air elementals
  2 redbacks (Spider:4)
  An ushabti (Crypt:3)
  2 golden eyes (Abyss:3)
  A small abomination (Abyss:3)
  2 humans (D:15)
  A neqoxec (Abyss:3)
  A chaos spawn (Depths:3)
  A spatial vortex (Abyss:3)
  2 hell rats (Hell)
  A demonic plant (Abyss:2)
  38 foxfires
  11 fungi
  75 plants
  22 starspawn tentacles
  21 withered plants
190 creatures vanquished.

Grand Total: 3240 creatures vanquished

Notes
Turn   | Place    | Note
-------+----------+-------------------------------------------
     0 | D:1      | szrap the Hill Orc Fighter began the quest for the Orb.
     0 | D:1      | Reached XP level 1. HP: 19/19 MP: 1/1
   240 | D:1      | Reached XP level 2. HP: 19/27 MP: 2/2
   401 | D:1      | Found a faded altar of an unknown god.
   795 | D:1      | Got Plato's Compendium of Creation
  1097 | D:2      | Reached XP level 3. HP: 7/33 MP: 3/3
  1818 | D:2      | Reached skill level 1 in Dodging
  1818 | D:2      | Reached XP level 4. HP: 39/40 MP: 4/4
  2178 | D:2      | Found an ancient bone altar of Kikubaaqudgha.
  2645 | D:3      | Found Mainumm's Assorted Antiques.
  3058 | D:2      | Reached skill level 5 in Axes
  3058 | D:2      | Reached XP level 5. HP: 38/46 MP: 5/5
  3468 | D:4      | Found a large runed translucent door.
  3468 | D:4      | Found a large runed translucent door.
  4307 | D:4      | Noticed a black bear
  4342 | D:3      | Reached XP level 6. HP: 19/52 MP: 6/6
  4699 | D:4      | Found Hioqut Kailu's General Store.
  5092 | D:4      | Found a radiant altar of Vehumet.
  5098 | D:4      | Killed a black bear
  5099 | D:4      | Reached XP level 7. HP: 47/60 MP: 7/7
  5663 | D:4      | Found an iron altar of Okawaru.
  5693 | D:4      | Found a burning altar of Makhleb.
  5713 | D:4      | Became a worshipper of Makhleb the Destroyer
  5750 | D:5      | Entered Level 5 of the Dungeon
  5769 | D:5      | Identified a scroll of acquirement
  5770 | D:5      | Acquired a +3 broad axe of electrocution
  5796 | D:5      | Reached skill level 1 in Invocations
  5805 | D:5      | Reached XP level 8. HP: 20/67 MP: 7/9
  6176 | D:4      | Reached skill level 5 in Armour
  6450 | D:5      | Found Aletihic's Self-Improvement Boutique.
  6609 | D:5      | Reached skill level 5 in Fighting
  6833 | D:5      | Found Plog's Mayhem Merchandise.
  7041 | D:5      | Found an ancient bone altar of Kikubaaqudgha.
  7100 | D:6      | Noticed Maggie
  7466 | D:6      | Reached skill level 5 in Shields
  7467 | D:6      | Reached skill level 10 in Axes
  7922 | D:6      | Reached * piety under Makhleb
  7993 | D:6      | Noticed a kobold demonologist
  7999 | D:6      | Noticed a sixfirhy
  8002 | D:6      | Killed a kobold demonologist
  8003 | D:6      | Reached XP level 9. HP: 31/75 MP: 11/11
  8547 | D:6      | Killed Maggie
  8828 | D:6      | Identified the +3 leather armour of Ekiafiedd {rF+ Will+}
  9324 | D:7      | Found a stormy altar of Qazlal.
  9520 | D:7      | Found a staircase to the Ecumenical Temple.
  9557 | D:7      | Reached XP level 10. HP: 66/85 MP: 13/13
  9953 | D:7      | Reached skill level 5 in Invocations
  9998 | D:7      | Reached ** piety under Makhleb
 10472 | D:8      | Found a sand-covered staircase.
 10477 | Ossuary  | Entered an ossuary
 10672 | D:8      | Acquired the ring "Miucsofeus" {Int+4 SInv}
 10727 | D:8      | Reached *** piety under Makhleb
 10920 | D:8      | Found a shadowy altar of Dithmenos.
 11165 | D:9      | Found Fav Ysuc's Weapon Boutique.
 11388 | D:9      | Noticed a deep elf pyromancer
 11397 | D:9      | Killed a deep elf pyromancer
 11397 | D:9      | Noticed Psyche
 11405 | D:9      | Killed Psyche
 11590 | D:9      | Noticed Erolcha
 11591 | D:9      | Reached XP level 11. HP: 86/94 MP: 15/15
 11607 | D:9      | Noticed Joseph
 11815 | D:9      | Identified the +5 ring mail "Xaschiydgh" {-Tele Fly rCorr
                  | Dex-2}
 11877 | D:9      | Killed Joseph
 11883 | D:9      | Killed Erolcha
 12292 | D:9      | You fall into a shaft and drop 2 floors!
 12454 | D:10     | Entered Level 10 of the Dungeon
 12809 | D:10     | Noticed a two-headed ogre
 12826 | D:10     | Killed a two-headed ogre
 12916 | D:10     | Reached skill level 15 in Axes
 12918 | D:10     | Reached **** piety under Makhleb
 12943 | D:10     | Found a staircase to the Lair.
 13084 | D:10     | Identified the -2 helmet of Vynlenih {Drain Fly rCorr
                  | Str+6}
 13558 | D:10     | Reached skill level 5 in Dodging
 13584 | D:10     | Reached XP level 12. HP: 83/105 MP: 17/17
 13647 | D:10     | Noticed a two-headed ogre
 13668 | D:10     | Killed a two-headed ogre
 13925 | D:10     | Identified the +2 robe of Heresy {rElec Int+3}
 13925 | D:10     | Noticed a tengu warrior
 13936 | D:10     | Killed a tengu warrior
 14313 | D:10     | Reached skill level 10 in Fighting
 14614 | Lair:1   | Entered Level 1 of the Lair of Beasts
 14667 | Lair:1   | Found a gate leading to a gauntlet.
 14671 | Gauntlet | Entered a Gauntlet
 14671 | Gauntlet | Found a transporter.
 14671 | Gauntlet | Found a transporter.
 14672 | Gauntlet | Found a transporter.
 14672 | Gauntlet | Found a transporter.
 14675 | Gauntlet | Found a transporter.
 14691 | Gauntlet | Found a transporter.
 14691 | Gauntlet | Found a transporter.
 14698 | Gauntlet | Found a transporter.
 14706 | Gauntlet | Found a transporter.
 14723 | Gauntlet | Found a transporter.
 14731 | Gauntlet | Found a transporter.
 14749 | Gauntlet | Found a transporter.
 15122 | Gauntlet | Identified the +0 pair of boots "Piemud" {*Slow Str+5
                  | Dex+5}
 15442 | Gauntlet | Noticed a minotaur
 15453 | Gauntlet | Killed a minotaur
 15462 | Gauntlet | Identified the +4 hunting sling of Imminent Death {venom,
                  | rF+ Will+}
 16392 | Lair:2   | Noticed a four-headed hydra
 16402 | Lair:2   | Killed a ten-headed hydra
 16734 | Lair:2   | Reached ***** piety under Makhleb
 16738 | Lair:2   | Reached XP level 13. HP: 101/114 MP: 19/19
 17096 | Lair:2   | Found a hole to the Spider Nest.
 17391 | Lair:3   | Found a staircase to the Swamp.
 19483 | Lair:5   | Reached skill level 10 in Armour
 19865 | Lair:5   | Reached skill level 10 in Invocations
 19874 | Lair:5   | Reached XP level 14. HP: 86/126 MP: 21/21
 20223 | Lair:6   | Entered Level 6 of the Lair of Beasts
 20480 | Lair:6   | Found a dark tunnel.
 20489 | Volcano  | Entered a volcano
 21660 | Lair:6   | Found a staircase to the Slime Pits.
 21837 | Lair:6   | Noticed a dire elephant
 21837 | Lair:6   | Noticed a dire elephant
 21837 | Lair:6   | Noticed a dire elephant
 21901 | Lair:6   | Reached ****** piety under Makhleb
 22142 | Lair:6   | Noticed a dire elephant
 22158 | Lair:6   | Noticed a dire elephant
 22172 | Lair:6   | Killed a dire elephant
 22377 | Lair:6   | Killed a dire elephant
 22403 | Lair:6   | Killed a dire elephant
 22408 | Lair:6   | Killed a dire elephant
 22416 | Lair:6   | Killed a dire elephant
 22893 | Lair:6   | Reached XP level 15. HP: 137/137 MP: 23/23
 22926 | Lair:6   | Reached skill level 10 in Shields
 23507 | D:11     | Identified the +8 spear of Inquiry {vorpal, rPois Int+2
                  | Dex+4 SInv}
 23679 | D:11     | Found a staircase to the Orcish Mines.
 24356 | Orc:1    | Entered Level 1 of the Orcish Mines
 24441 | Orc:1    | Found Lebrakk's Jewellery Shoppe.
 24484 | Orc:1    | Bought the ring "Xahonuwiry" {rElec Will+ Dex+6} for 1015
                  | gold pieces
 24815 | Orc:2    | Entered Level 2 of the Orcish Mines
 24948 | Orc:2    | Found a staircase to the Elven Halls.
 24948 | Orc:2    | Found Apteogg's Jewellery Boutique.
 25077 | Orc:2    | Noticed an orc warlord
 25330 | Orc:1    | Killed an orc warlord
 26813 | Orc:2    | Found Boboo's General Store.
 26813 | Orc:2    | Found Mavo's General Store.
 26813 | Orc:2    | Found Beuwug's Assorted Antiques.
 26825 | Orc:2    | Found Kiofi's Weapon Shoppe.
 28335 | D:13     | Found an iron altar of Okawaru.
 28561 | D:13     | Identified the +2 helmet "Luyjyuj" {+Inv Dex+5}
 28617 | D:13     | Reached skill level 15 in Fighting
 28754 | D:13     | Found a gate to the Vaults.
 28995 | D:14     | Reached XP level 16. HP: 147/149 MP: 25/25
 29797 | D:15     | Entered Level 15 of the Dungeon
 29899 | D:15     | Noticed Josephine
 29913 | D:15     | Killed Josephine
 30732 | D:15     | Noticed Kirke
 30747 | D:15     | Killed Kirke
 31393 | D:15     | Found a staircase to the Depths.
 31538 | Orc:1    | Bought the ring "Laive" {rPois rN++ MP+9 Slay+4} for 1466
                  | gold pieces
 31727 | Spider:1 | Entered Level 1 of the Spider Nest
 31819 | Spider:1 | Noticed Rupert
 31836 | Spider:1 | Killed Rupert
 32189 | Spider:1 | Noticed Louise
 32195 | Spider:1 | Cast into level 2 of the Abyss (Louise)
 32232 | Abyss:2  | Noticed a tentacled starspawn
 32243 | Abyss:2  | Noticed a tentacled starspawn
 32247 | Abyss:2  | Killed a tentacled starspawn
 32259 | Abyss:2  | Noticed a bone dragon
 32290 | Abyss:2  | Killed a bone dragon
 32291 | Abyss:2  | Reached XP level 17. HP: 146/161 MP: 26/26
 32326 | Spider:1 | Escaped the Abyss
 32337 | Spider:1 | Killed Louise
 33476 | Spider:2 | Reached skill level 15 in Armour
 34365 | Spider:4 | Entered Level 4 of the Spider Nest
 34389 | Spider:4 | Reached XP level 18. HP: 164/173 MP: 28/28
 34522 | Spider:4 | Noticed Agnes
 34542 | Spider:3 | HP: 2/173 [Agnes (31)]
 34550 | Spider:3 | Killed Agnes
 35196 | Spider:4 | Got a gossamer rune of Zot
 35815 | Swamp:1  | Entered Level 1 of the Swamp
 35858 | Swamp:1  | Found a frozen archway.
 35912 | IceCv    | Entered an ice cave
 36660 | IceCv    | Noticed an Ice Fiend
 36663 | IceCv    | Reached skill level 10 in Dodging
 36668 | IceCv    | Killed an Ice Fiend
 37226 | Swamp:1  | Reached XP level 19. HP: 183/183 MP: 29/29
 38695 | Swamp:3  | Noticed Mara
 38701 | Swamp:3  | Noticed szrap's illusion
 38713 | Swamp:3  | Killed Mara
 38771 | Swamp:3  | Noticed a tentacled monstrosity
 38800 | Swamp:3  | Killed a tentacled monstrosity
 38969 | Swamp:4  | Entered Level 4 of the Swamp
 38971 | Swamp:4  | Reached skill level 15 in Invocations
 38974 | Swamp:4  | Reached skill level 15 in Shields
 39245 | Swamp:4  | Got a decaying rune of Zot
 39306 | Swamp:4  | Noticed Aizul
 39323 | Swamp:4  | Killed Aizul
 40081 | Vaults:1 | Entered Level 1 of the Vaults
 40462 | Vaults:1 | Reached XP level 20. HP: 195/195 MP: 31/31
 42043 | D:5      | Bought a manual of Fighting for 1040 gold pieces
 42419 | Vaults:2 | Found Zuga's Book Shop.
 42552 | Vaults:2 | Found Wughoid's Antique Weapon Boutique.
 42761 | Vaults:2 | Found a staircase to the Crypt.
 42771 | Vaults:2 | Paralysed by a vampire knight for 4 turns
 43439 | Vaults:3 | Reached XP level 21. HP: 207/207 MP: 33/33
 45378 | Vaults:4 | Identified the +0 leather armour of Xosylaon {Harm rF+
                  | Str+2 Stlth+}
 45844 | Vaults:4 | Reached XP level 22. HP: 224/224 MP: 34/34
 45854 | Vaults:5 | Entered Level 5 of the Vaults
 45855 | Vaults:5 | Noticed an ancient lich
 45861 | Vaults:5 | Noticed Bai Suzhen
 45900 | Vaults:5 | Killed an ancient lich
 45956 | Vaults:5 | Killed Bai Suzhen
 45971 | Vaults:5 | Identified the ring of Tyligauw {*Slow rPois rN++ Will+}
 45981 | Vaults:5 | Noticed a dread lich
 46003 | Vaults:5 | Killed a dread lich
 46088 | Vaults:5 | Reached XP level 23. HP: 236/236 MP: 35/35
 46367 | Vaults:5 | Got a silver rune of Zot
 46493 | Vaults:5 | Noticed an ancient lich
 46522 | Vaults:5 | Killed an ancient lich
 46887 | Vaults:5 | Acquired a manual of Dodging
 46981 | Vaults:5 | Found the +0 mask of the Dragon {Will+ Slay+3 SInv}
 47500 | Depths:1 | Entered Level 1 of the Depths
 47652 | Elf:1    | Entered Level 1 of the Elven Halls
 47652 | Elf:1    | Noticed Jorgrun
 47657 | Elf:1    | Killed Jorgrun
 47657 | Elf:1    | Noticed Azrael
 47676 | Elf:1    | Killed Azrael
 47803 | Elf:1    | Found Quwopp's Magic Scroll Boutique.
 47831 | Elf:1    | Bought a scroll of teleportation for 39 gold pieces
 47831 | Elf:1    | Bought a scroll of teleportation for 39 gold pieces
 47831 | Elf:1    | Bought a scroll of magic mapping for 45 gold pieces
 47871 | Elf:1    | Noticed boopmooplesden's ghost (adept MiFi)
 47876 | Elf:1    | Found a transporter.
 47889 | Elf:1    | Paralysed by an air elemental for 1 turns
 48077 | Elf:1    | Got the Tome of the Ten Bones
 48186 | Elf:1    | Found a transporter.
 48455 | Elf:1    | Killed boopmooplesden's ghost
 48750 | Elf:2    | Paralysed by an air elemental for 1 turns
 49097 | Elf:2    | Found a runed translucent gate.
 49101 | Elf:2    | Found a runed translucent gate.
 49101 | Elf:2    | Found a runed translucent gate.
 49152 | Elf:2    | Reached XP level 24. HP: 242/247 MP: 36/36
 49505 | Elf:3    | Entered Level 3 of the Elven Halls
 49526 | Elf:3    | Found a runed translucent door.
 49527 | Elf:3    | Noticed Lobster4's ghost (adept TrMo)
 50221 | Elf:3    | Noticed Saint Roka
 50225 | Elf:3    | Paralysed by an air elemental for 1 turns
 50266 | Elf:3    | Killed Saint Roka
 50267 | Elf:3    | Reached skill level 27 in Fighting
 50730 | Elf:3    | Reached skill level 1 in Throwing
 50760 | Elf:3    | Paralysed by an air elemental for 1 turns
 50764 | Elf:3    | Paralysed by an air elemental for 1 turns
 50771 | Elf:3    | Paralysed by an air elemental for 1 turns
 51132 | Elf:3    | Identified the ring of the Original Sin {rPois Dex+6}
 51503 | Elf:3    | Identified the +1 chain mail "Ceemirra" {Will++ rCorr MP+9}
 51883 | Depths:1 | Found a runed translucent door.
 51892 | Depths:1 | Found a white marble altar of Elyvilon.
 52146 | Depths:1 | Found Ymich's Jewellery Shop.
 52260 | Depths:1 | Bought the ring "Wiahevask" {Fire rCorr Dex+3} for 1009
                  | gold pieces
 52260 | Depths:1 | Bought the ring of Zokhlise {rPois rF+ Will+ Str+3} for
                  | 1138 gold pieces
 52359 | Depths:1 | Found a gateway to a ziggurat.
 52522 | Depths:1 | Reached XP level 25. HP: 257/257 MP: 36/36
 52735 | Depths:1 | Found a gateway to Hell.
 53578 | Depths:2 | Found a one-way gate leading to the halls of Pandemonium.
 53816 | Depths:2 | Found a shadowy altar of Dithmenos.
 53816 | Depths:2 | Found an ancient bone altar of Kikubaaqudgha.
 53817 | Depths:2 | Found a white marble altar of Elyvilon.
 53951 | Depths:2 | Paralysed by a floating eye for 2 turns
 53963 | Depths:2 | Reached skill level 5 in Throwing
 54107 | Depths:2 | Noticed a juggernaut
 54122 | Depths:2 | Killed a juggernaut
 54169 | Depths:2 | Identified the +3 robe "Avoib" {MP+9 Str-4 Dex-3 SInv}
 54327 | Depths:2 | Reached XP level 26. HP: 266/266 MP: 36/36
 54391 | Depths:2 | Reached skill level 15 in Dodging
 54423 | Depths:2 | Identified the +10 war axe "Savvurie" {protect, rC+}
 54759 | Depths:3 | Found a shimmering altar of Xom.
 55228 | Depths:3 | Noticed an ancient lich
 55241 | Depths:3 | Killed an ancient lich
 55734 | Depths:3 | Found a one-way gate to the infinite horrors of the Abyss.
 55808 | Depths:3 | Found a portal to a secret trove of treasure.
 56083 | Depths:4 | Noticed Frederick
 56095 | Depths:4 | Killed Frederick
 56792 | Depths:4 | Reached XP level 27. HP: 273/273 MP: 37/37
 57270 | Depths:4 | Noticed Boris
 57297 | Depths:4 | Killed Boris
 57306 | Depths:4 | Noticed a juggernaut
 57308 | Depths:4 | Noticed a juggernaut
 57321 | Depths:4 | Killed a juggernaut
 57326 | Depths:4 | Killed a juggernaut
 57410 | Depths:4 | Identified the +4 long sword of Patterns {flame, +Rage rF++
                  | Str+4 Int+2}
 57444 | Depths:4 | Noticed a juggernaut
 57456 | Depths:4 | Killed a juggernaut
 57504 | Depths:4 | Found Teclusmy's Antique Weapon Shop.
 57508 | Depths:4 | Found Byew's General Store.
 57508 | Depths:4 | Found Lelicses's Distillery.
 57522 | Depths:4 | Found Ireresch's Armour Boutique.
 57525 | Depths:4 | Bought 2 potions of heal wounds for 150 gold pieces
 57531 | Depths:4 | Bought a potion of haste for 160 gold pieces
 57584 | Depths:4 | Found Wumehe's Assorted Antiques.
 57592 | Depths:4 | Bought a potion of resistance for 320 gold pieces
 57737 | Depths:5 | Entered Level 5 of the Depths
 57881 | Depths:5 | Found a gate to the Realm of Zot.
 57946 | Depths:5 | Gained mutation: Your magical capacity is low. (-10% MP) [a
                  | cacodemon]
 57984 | Depths:5 | Found a flickering gateway to a bazaar.
 57996 | Bazaar   | Entered a bazaar
 58025 | Bazaar   | Found Mirogiuxt's Antique Armour Emporium.
 58040 | Bazaar   | Found Sawicyw's Assorted Antiques.
 58070 | Bazaar   | Found Fomnim's Book Shop.
 58104 | Bazaar   | Found Lomaotz's Antique Weapon Shoppe.
 58741 | Zot:1    | Entered Level 1 of the Realm of Zot
 59873 | Zot:2    | Noticed an orb of fire
 59874 | Zot:2    | Gained mutation: You sometimes lose the ability to read
                  | scrolls when taking damage. [an orb of fire]
 59880 | Zot:2    | Gained mutation: You tend to lose your temper in combat.
                  | [an orb of fire]
 59904 | Zot:2    | Killed an orb of fire
 59935 | Zot:1    | Lost mutation: You sometimes lose the ability to read
                  | scrolls when taking damage. [potion of mutation]
 59935 | Zot:1    | Lost mutation: You tend to lose your temper in combat.
                  | [potion of mutation]
 59935 | Zot:1    | Gained mutation: Potions are less effective at restoring
                  | your health. [potion of mutation]
 59935 | Zot:1    | Gained mutation: You are partially covered in large bone
                  | plates. (SH +4) [potion of mutation]
 59936 | Zot:1    | Lost mutation: Your magical capacity is low. (-10% MP)
                  | [potion of mutation]
 59936 | Zot:1    | Lost mutation: Potions are less effective at restoring your
                  | health. [potion of mutation]
 59936 | Zot:1    | Gained mutation: Your flesh is cold resistant. (rC+)
                  | [potion of mutation]
 59936 | Zot:1    | Gained mutation: You possess an exceptional clarity of
                  | mind. [potion of mutation]
 59936 | Zot:1    | Gained mutation: You evolve. [potion of mutation]
 60008 | Depths:4 | Voluntarily entered the Abyss.
 60200 | Abyss:1  | Gained mutation: You are frail. (-10% HP) [a neqoxec]
 60211 | Abyss:1  | Reached skill level 10 in Throwing
 60223 | Abyss:1  | Found a corrupted altar of Lugonu.
 60447 | Abyss:1  | Lost mutation: You possess an exceptional clarity of mind.
                  | [a shining eye]
 60882 | Abyss:3  | Reached skill level 27 in Shields
 61075 | Abyss:3  | Gained mutation: Your body sometimes deteriorates upon
                  | taking damage. [a neqoxec]
 61078 | Abyss:3  | Gained mutation: Armour fits poorly on your strangely
                  | shaped body. [a neqoxec]
 61153 | Abyss:3  | Lost mutation: Your body sometimes deteriorates upon taking
                  | damage. [potion of mutation]
 61153 | Abyss:3  | Lost mutation: You are partially covered in large bone
                  | plates. (SH +4) [potion of mutation]
 61153 | Abyss:3  | Lost mutation: You are extremely frail. (-30% HP) [potion
                  | of mutation]
 61153 | Abyss:3  | Lost mutation: Your flesh is cold resistant. (rC+) [potion
                  | of mutation]
 61153 | Abyss:3  | Gained mutation: You have a pair of small horns on your
                  | head. [potion of mutation]
 61165 | Abyss:3  | Lost mutation: You have a pair of small horns on your head.
                  | [potion of mutation]
 61165 | Abyss:3  | Lost mutation: You evolve. [potion of mutation]
 61165 | Abyss:3  | Lost mutation: Armour fits poorly on your strangely shaped
                  | body. [potion of mutation]
 61165 | Abyss:3  | Gained mutation: You are strong-willed. (Will+) [potion of
                  | mutation]
 61165 | Abyss:3  | Gained mutation: You are robust. (+10% HP) [potion of
                  | mutation]
 61165 | Abyss:3  | Gained mutation: Your muscles are strong. (Str +2) [potion
                  | of mutation]
 61230 | Abyss:3  | Got an abyssal rune of Zot
 61759 | Depths:4 | Escaped the Abyss
 62179 | Crypt:1  | Entered Level 1 of the Crypt
 62188 | Crypt:1  | Noticed Jory
 62235 | Vaults:2 | Killed Jory
 63368 | Crypt:2  | Found a magical portal.
 63400 | WizLab   | Entered The Roulette of Golubria
 63400 | WizLab   | Found a transporter.
 63405 | WizLab   | Found the +1 cloak of Starlight {*Dazzle EV+4 Stlth--}
 63405 | WizLab   | Found a corrupted altar of Lugonu.
 63407 | WizLab   | Found a corrupted altar of Lugonu.
 63441 | WizLab   | Found a transporter.
 63464 | WizLab   | Found a transporter.
 63536 | WizLab   | Found a transporter.
 63561 | WizLab   | Found a transporter.
 63584 | WizLab   | Found a transporter.
 63621 | WizLab   | Found a transporter.
 63621 | WizLab   | Found a transporter.
 63713 | WizLab   | Found a transporter.
 63714 | WizLab   | Found a corrupted altar of Lugonu.
 63722 | WizLab   | Found a transporter.
 63814 | WizLab   | Found a transporter.
 63814 | WizLab   | Found a transporter.
 63841 | WizLab   | Found a transporter.
 63865 | WizLab   | Found a transporter.
 63865 | WizLab   | Found a transporter.
 63898 | WizLab   | Found a transporter.
 63919 | WizLab   | Identified the +0 cloak "Poukh" {rElec rN+ Will+ Str+2}
 63933 | WizLab   | Identified the +2 cloak of Absence {rF+ rCorr Str-2}
 63945 | WizLab   | Identified the +0 cloak "Ezali" {Regen+}
 64594 | Crypt:3  | Entered Level 3 of the Crypt
 65001 | Crypt:3  | Found a runed translucent door.
 65002 | Crypt:3  | Noticed Ulecsuczon's ghost (veteran MiGl)
 65200 | Crypt:3  | Noticed a royal mummy
 65761 | Crypt:3  | Identified the ring "Esipocopho" {rN+ Str+4}
 65907 | Crypt:3  | Killed a royal mummy
 66146 | Crypt:3  | Found the -2 hat of the Alchemist {rElec rPois rF+ rC+ rN+
                  | Will+ rMut rCorr}
 66202 | Crypt:3  | Identified the +9 plate armour of Zeby {-Tele rPois rN++
                  | Stlth+}
 66264 | Crypt:3  | Found a staircase to the Tomb.
 66562 | Crypt:3  | Got the Disquisition on Stolen Souls
 66674 | Crypt:3  | Killed Ulecsuczon's ghost
 66809 | Crypt:3  | Identified the +3 kite shield "Jeyfeo" {rPois rC+ Will-
                  | Dex+3}
 66809 | Crypt:3  | Identified the ring of Sif Muna's Approval {rN+ Str+3}
 66855 | Crypt:3  | Identified the ring of Zocvuz {rN+ Will+ Stlth+}
 67302 | Slime:1  | Entered Level 1 of the Pits of Slime
 67430 | Slime:5  | Entered Level 5 of the Pits of Slime
 67924 | Slime:5  | Noticed the Royal Jelly
 67925 | Slime:5  | Found a viscous altar of Jiyva.
 67948 | Slime:5  | Killed the Royal Jelly
 68080 | Slime:5  | Got a slimy rune of Zot
 68117 | Slime:5  | Identified the +3 hunting sling "Upohefie" {venom, Str+3
                  | Int+2}
 68119 | Slime:5  | Identified the +4 great sword of the Several Servitors
                  | {drain, rElec Will+ Str+3}
 68122 | Slime:5  | Acquired the +8 orange crystal plate armour {Archmagi,
                  | Int+3 Clar}
 68122 | Slime:5  | Found the +8 orange crystal plate armour {Archmagi, Int+3
                  | Clar}
 68730 | Hell     | Entered the Vestibule of Hell
 68730 | Hell     | Noticed Geryon
 69233 | Hell     | Killed Geryon
 69345 | Hell     | Found a gateway to the decaying netherworld of Tartarus.
 69502 | Hell     | Found a gateway to the freezing wastes of Cocytus.
 69590 | Hell     | Reached skill level 27 in Armour
 69624 | Hell     | Found a gateway to the Iron City of Dis.
 69715 | Hell     | Found a gateway to the ashen valley of Gehenna.
 69770 | Depths:1 | Learned a level 2 spell: Blink
 72219 | Pan      | Entered Pandemonium
 72246 | Pan      | Reached skill level 1 in Translocations
 72334 | Pan      | Noticed Kaam the pandemonium lord
 72344 | Pan      | Reached skill level 1 in Evocations
 72366 | Pan      | Killed Kaam the pandemonium lord
 72493 | Pan      | Found an exit through the horrors of the Abyss.
 73443 | Pan      | Entered the realm of Gloorx Vloq.
 73745 | Pan      | Learned a level 1 spell: Apportation
 73750 | Pan      | Learned a level 4 spell: Passage of Golubria
 73754 | Pan      | Learned a level 3 spell: Portal Projectile
 73757 | Pan      | Learned a level 2 spell: Passwall
 73766 | Pan      | Learned a level 8 spell: Necromutation
 74027 | Pan      | Reached skill level 5 in Translocations
 74248 | Pan      | Found an exit through the horrors of the Abyss.
 74635 | Pan      | Reached skill level 5 in Evocations
 75076 | Pan      | Noticed Gloorx Vloq
 75082 | Pan      | HP: 14/300 [Executioner[Gloorx Vloq] (16)]
 75082 | Pan      | Slain by an Executioner

Illustrated notes

Levels and vault maps discovered:
D:1:      evilmike_arrival_crescent, layout_rooms,
          shapermc_ecumenical_altar_rom_forum
D:2:      layout_basic, basic_altar
D:3:      layout_rooms, serial_shops, nicolae_square_shop
D:4:      minmay_bubble_buster, layout_basic, vehumet_crystals,
          jmf_multi_god_temple2, serial_shops, nicolae_shop_waterfront
D:5:      layout_loops_ring, kiku_gazebo_garden_becter, minmay_shop_mayhem,
          nicolae_shop_self_help
D:6:      layout_cave_pools, chequers_serial_rivers_micro_c,
          nrook_mini_backslash, grunt_decor_junction, hex_large,
          minmay_manual_macuahuitl, uniq_maggie
D:7:      minmay_slanted_spiral_squares, layout_basic,
          nicolae_qazlal_scattered_showers, temple_hall
D:8:      layout_cave_pools, mainiacjoe_overflow_alcove_2,
          nicolae_ossuary_entry_plus
D:9:      layout_basic, serial_shops, nicolae_shop_behind_doors, uniq_joseph,
          uniq_psyche, uniq_erolcha
D:10:     minmay_the_grid_octo_tiled_octocenter [minmay_the_grid_octo_odd_swirl,
          minmay_the_grid_octo_77, minmay_the_grid_octo_empty,
          minmay_the_grid_octo_vomiting_pacman,
          minmay_the_grid_octo_prize_single_spiral,
          minmay_the_grid_square_5x5_broken_cross,
          minmay_the_grid_square_5x5_two, minmay_the_grid_square_5x5_n_small,
          minmay_the_grid_square_5x5_shuriken], layout_gridville,
          hangedman_decor_opposing, lightli_orcish_oven
D:11:     layout_grid_maze, orc_0_dummy
D:12:     layout_roguey, kennysheep_pointless_box
D:13:     layout_cross, grunt_vaults_entry_fortified, okawaru_gym_becter
D:14:     layout_gridville, serial_park_square1 [serial_park_minivault_5x5_8],
          minmay_misc_feat_x
D:15:     gammafunk_enter_depths_forms, layout_rooms, serial_bayou,
          serial_bayou_pond_b, serial_bayou_crossing, serial_bayou_pond_b,
          serial_bayou_pond_b, chequers_serial_rivers_marsh, uniq_josephine,
          uniq_kirke
Lair:1:   layout_loops_ring, gauntlet_entry_generic, columned_hall_lemuel
Lair:2:   layout_chaotic_city, spider_nest_entry_web_field,
          grunt_forest_large_clearings, serial_bayou_shore_a,
          infiniplex_staircase_pool_2
Lair:3:   layout_roguey [special_room_bee], minmay_swamp_entry_reptiles
Lair:4:   layout_cave_pods, infiniplex_staircase_pool
Lair:5:   layout_cave_shapes, forest_entry_grove
Lair:6:   due_jungle_book, layout_regular_city, slime_dummy,
          nicolae_volcano_entry_two_sided, fungi_pond_lemuel
Swamp:1:  layout_basic_swamp, portal_ice_cave_entry_pillars_four,
          evilmike_swamp_ruin_house_1
Swamp:2:  layout_basic_swamp, evilmike_swamp_ruin_house_6, swamp_pool5,
          hangedman_swamp_blocks, nicolae_swamp_treefoil,
          nicolae_swamp_wisp_ring_woods
Swamp:3:  cheibrodos_swamp_monstrosity, layout_basic_swamp,
          evilmike_swamp_ruin_house_3, swamp_pool1, uniq_mara
Swamp:4:  swamp_alternative, layout_basic_swamp, uniq_aizul
Spider:1: layout_spider_delve, uniq_rupert, uniq_louise
Spider:2: layout_chambers
Spider:3: layout_spider_delve
Spider:4: grunt_spider_rune_circles, nicolae_spider_moth_buddies, uniq_agnes
Slime:1:  layout_caves
Slime:2:  layout_caves, nicolae_slime_ancient_tower_intersection
Slime:3:  layout_caves, basic_altar
Slime:4:  layout_caves
Slime:5
Orc:1:    layout_caves, serial_shops, nicolae_diamond_shop
Orc:2:    st_orc_mages, layout_caves, minmay_shop_enchanted_jewellery
Elf:1:    layout_loops_ring, gammafunk_ghost_arena, serial_shops, shop_statue,
          minmay_elf_sorcery, uniq_jorgrun, uniq_azrael
Elf:2:    nicolae_elf_blades_splatter_lattice [nicolae_blade_tridents],
          layout_geoelf_diagonals, nicolae_elf_archery_training
Elf:3:    minmay_elf_hall_four_x, layout_geoelf_castle,
          ebering_ghost_reflecting_pool, corexii_checkpoint_a, uniq_saint_roka
Vaults:1: ontoclasm_vaults_chip, v_pattern_1, hangedman_vaults_pinch,
          nicolae_vaults_circle_grid_a, hangedman_vaults_maws,
          nicolae_vaults_mini_display_case, vaults_room_corners,
          vaults_mumra_lcd, nicolae_vaults_little_squares_5,
          layout_vaults_omnigrid
Vaults:2: ontoclasm_vaults_loading_screen, vaults_mumra_chevron_long,
          vaults_room_boxed, nicolae_vaults_shelves_hall,
          minmay_crypt_entry_simple_statues, vaults_dpeg_hooks,
          nicolae_vaults_hallways_thing, nicolae_vaults_statue_guard, v_misc_18,
          nicolae_vaults_diagonal_hallway_6, vaults_dpeg_diagonal,
          nicolae_vaults_border_crossing, hangedman_vaults_trim,
          layout_vaults_omnicross, serial_shops, shop, shop
Vaults:3: v_alt_pattern_1, v_misc_27, hangedman_vaults_nails, v_rooms_6,
          nicolae_vaults_asterisk, nicolae_vaults_stairing_the_circle,
          v_rooms_4, ontoclasm_vaults_pinch, v_misc_17,
          nicolae_vaults_yaktaur_gun_rack, vaults_room_glass_cross,
          ontoclasm_vaults_bender, vaults_room_semicircle, layout_vaults_omnibox
Vaults:4: hangedman_vaults_maws, hangedman_vaults_nodes,
          nicolae_vaults_good_morning_starshine, grunt_vaults_hallway_long,
          nicolae_vaults_angled_halls, nicolae_vaults_network_s, v_misc_14,
          nicolae_vaults_what_the_h, hangedman_vaults_river_flow, v_misc_8,
          nicolae_vaults_theta, layout_vaults_maze
Vaults:5: serial_shops, uniq_bai_suzhen
Crypt:1:  layout_catacombs, uniq_jory
Crypt:2:  layout_gridlike, mu_enter_wizlab_2, grunt_megastairs_5
Crypt:3:  due_elkab, layout_chaotic_city, tomb_entry_simple_bobbens,
          ebering_ghost_inner_flame, st_stairs_10, corexii_leaking_fountain
Depths:1: minmay_octo_star, layout_long_grid, enter_ziggurat_b, serial_shops,
          nicolae_inconvenience_store, grunt_hell_entry_dis_old,
          lemuel_angel_altar
Depths:2: hangedman_slaughterboxes, hell_entry, pan_entry
Depths:3: cheibrodos_cascadia, layout_basic, enter_trove_5,
          minmay_room_of_horrors, pf_hell_entry_tar_river,
          rand_demon_pan_entry_8, lemuel_statue_altar
Depths:4: lemuel_castle_with_subvaults [lemuel_castle_interior_carwin_3],
          layout_basic, abyss_entry, hellmouth_3, serial_shops, shop_statue,
          serial_bayou_lagoon_a, minmay_shoptagon, uniq_frederick, uniq_boris
Depths:5: grunt_crosshair, layout_small_grid, rand_demon_pan_entry_7,
          serial_shops, bzr_firewalk, pf_coc_iceberg, amcnicky_mini_pool_small
Hell
Zot:1:    layout_misc_corridors, grunt_megastairs_2
Zot:2:    layout_onion_interference
Pan:      evilmike_mini_pan_corridor, layout_irregular_city, gloorx_vloq_grunt,
          layout_cellular_growth

Skill      XL: |  1  2  3  4  5  6  7  8  9 10 11 12 13 14 15 16 17 18 19 20 21 22 23 24 25 26 27 |
---------------+----------------------------------------------------------------------------------+-----
Axes           | 3 4 5 7 8 10 11 13 15 17 18 | 18.0
Fighting       | 4 5 7 8 9 10 12 13 15 17 18 19 20 22 24 25 26 27 | 27.0
Dodging        | 1 2 3 4 5 6 7 8 9 10 11 12 13 14 15 18 | 18.4
Armour         | 4 5 6 7 8 9 10 12 13 14 15 16 17 18 19 20 27 | 27.0
Shields        | 4 5 6 7 8 9 11 12 13 14 15 16 17 18 19 20 23 24 27 | 27.0
Invocations    | 1 3 4 6 7 8 10 11 12 13 14 15 16 17 18 19 20 24 | 24.0
Throwing       | 3 5 7 13 | 13.4
Translocations | 7 |  7.2
Evocations     | 6 |  6.0

Action                   |  1- 3 |  4- 6 |  7- 9 | 10-12 | 13-15 | 16-18 | 19-21 | 22-24 | 25-27 || total
-------------------------+-------+-------+-------+-------+-------+-------+-------+-------+-------++-------
Melee: War axe           |    66 |   172 |    14 |       |    56 |    11 |    28 |       |       ||   347
       Broad axe         |       |       |   170 |   428 |   984 |  1112 |  1233 |  1001 |  3846 ||  8774
Throw: Boomerang         |       |     3 |       |       |       |     1 |       |       |       ||     4
       Javelin           |       |       |       |       |       |       |       |       |    13 ||    13
Invok: Greater Servant o |       |       |       |       |       |       |       |       |     3 ||     3
Evoke: Wand              |       |       |     1 |     2 |     3 |     5 |       |       |       ||    11
  Use: Scroll            |     5 |     3 |    10 |    20 |     6 |     7 |     8 |     6 |     9 ||    74
       Potion            |       |     2 |       |     3 |     2 |     8 |     1 |     9 |     9 ||    34
 Stab: Distracted        |       |       |       |       |       |       |       |       |     2 ||     2
Armor: Scale mail        |     5 |       |       |       |       |       |       |       |       ||     5
       Ring mail         |    32 |    85 |    67 |   109 |       |       |       |       |       ||   293
       Storm dragon scal |       |       |       |    28 |   169 |       |       |       |       ||   197
       Plate armour      |       |       |       |       |   358 |   636 |    77 |       |       ||  1071
       Crystal plate arm |       |       |       |       |       |       |   460 |   282 |   692 ||  1434
       Gold dragon scale |       |       |       |       |       |       |       |       |   673 ||   673
Dodge: Dodged            |    18 |    45 |    47 |   131 |   300 |   393 |   289 |   155 |   970 ||  2348
Block: Kite shield       |    29 |    81 |   105 |   277 |   699 |   224 |       |       |       ||  1415
       Tower shield      |       |       |       |       |       |   987 |  1415 |  1067 |  5014 ||  8483
